TOP OF THE 1ST |
Reading Fightin Phils batting - Pitching for Mississippi Braves : RHP Alfredo Leiva
|
Pitching: RHP Alfredo Leiva
|
|
Batting: RHB Steve Jones
|
0-0: Called Strike 0-1: SINGLE (Groundball, 56D, EV 99.4 MPH)
|
Batting: RHB Chris Myers
|
0-0: Foul Ball, location: 2F 0-1: Ball 1-1: Fielders Choice at 2nd, 4-6 (Groundball, 34S, EV 90.0 MPH)
|
Batting: RHB Alan Weller
|
0-0: Ball 1-0: Ball 2-0: Fly out, F7 (Flyball, 78M, EV 82.5 MPH)
|
Batting: LHB Josh George
|
0-0: Called Strike Chris Myers steals 2nd base 0-1: Foul Ball, location: 2F 0-2: Strikes out swinging
|
Top of the 1st over - 0 runs, 1 hit, 0 errors, 1 left on base; Reading 0 - Mississippi 0 |
BOTTOM OF THE 1ST |
Mississippi Braves batting - Pitching for Reading Fightin Phils : LHP Eddie San Miguel
|
Pitching: LHP Eddie San Miguel
|
|
Batting: RHB Hieronim Rutkowski
|
0-0: Foul Ball, location: 2F 0-1: Swinging Strike 0-2: Fly out, F7 (Flyball, 7, EV 91.2 MPH)
|
Batting: RHB Mike Meeker
|
0-0: Ball 1-0: Called Strike 1-1: Ball 2-1: Ground out 6-3 (Groundball, 6S, EV 84.4 MPH)
|
Batting: RHB Luis Revilla
|
0-0: Foul Ball, location: 2F 0-1: Ground out 6-3 (Groundball, 6, EV 90.0 MPH)
|
Bottom of the 1st over - 0 runs, 0 hits, 0 errors, 0 left on base; Reading 0 - Mississippi 0 |
TOP OF THE 2ND |
Reading Fightin Phils batting - Pitching for Mississippi Braves : RHP Alfredo Leiva
|
Batting: LHB Rich Kuehne
|
0-0: Called Strike 0-1: Foul Ball, location: 2F 0-2: Foul Ball, location: 2F 0-2: Ball 1-2: Ball 2-2: Ball 3-2: Foul Ball, location: 2F 3-2: Strikes out swinging
|
Batting: RHB Seung-mun Kim
|
0-0: Foul Ball, location: 2F 0-1: Ball 1-1: Ground out 5-3 (Groundball, 5D, EV 88.1 MPH)
|
Batting: RHB Frank Ramirez
|
0-0: SINGLE (Groundball, 23, EV 76.2 MPH) (infield hit)
|
Batting: RHB Cory Bonham
|
0-0: Ball 1-0: Called Strike Frank Ramirez is caught stealing 2nd base 2-4
|
Top of the 2nd over - 0 runs, 1 hit, 0 errors, 0 left on base; Reading 0 - Mississippi 0 |
BOTTOM OF THE 2ND |
Mississippi Braves batting - Pitching for Reading Fightin Phils : LHP Eddie San Miguel
|
Batting: LHB Erik Gretzky
|
0-0: Ball 1-0: Foul Ball, location: 2F 1-1: Ground out 4-3 (Groundball, 34, EV 101.9 MPH)
|
Batting: RHB John Peterson
|
0-0: Ball 1-0: Ball 2-0: Called Strike 2-1: Ball 3-1: Swinging Strike 3-2: Foul Ball, location: 2F 3-2: SINGLE (Groundball, 56, EV 101.2 MPH)
|
Batting: LHB Chad Persaud
|
0-0: Ball John Peterson steals 2nd base 1-0: Called Strike John Peterson steals 3rd base 1-1: Foul Ball, location: 2F 1-2: TRIPLE (Flyball, 9LD, EV 97.5 MPH) John Peterson scores
|
Batting: SHB Bob Morales
|
0-0: Ball 1-0: DOUBLE (Flyball, 89D, EV 96.9 MPH) Chad Persaud scores
|
Batting: LHB Mike Tenorio
|
0-0: Ball 1-0: Ball 2-0: Called Strike 2-1: Foul Ball, location: 2F 2-2: Strikes out looking
|
Batting: LHB Jon Burgos
|
0-0: Ball 1-0: Fly out, F7 (Flyball, 7, EV 86.9 MPH)
|
Bottom of the 2nd over - 2 runs, 3 hits, 0 errors, 1 left on base; Reading 0 - Mississippi 2 |
TOP OF THE 3RD |
Reading Fightin Phils batting - Pitching for Mississippi Braves : RHP Alfredo Leiva
|
Batting: RHB Cory Bonham
|
0-0: Called Strike 0-1: Swinging Strike 0-2: Foul Ball, location: 2F 0-2: Ball 1-2: Foul Ball, location: 2F 1-2: Ground out 6-3 (Groundball, 6, EV 82.5 MPH)
|
Batting: RHB Allen Deschamps
|
0-0: Called Strike 0-1: Ball 1-1: Ball 2-1: Fly out, F7 (Flyball, 78S, EV 83.8 MPH)
|
Batting: RHB Steve Jones
|
0-0: Ball 1-0: Ground out 4-3 (Groundball, 4S, EV 72.5 MPH)
|
Top of the 3rd over - 0 runs, 0 hits, 0 errors, 0 left on base; Reading 0 - Mississippi 2 |
BOTTOM OF THE 3RD |
Mississippi Braves batting - Pitching for Reading Fightin Phils : LHP Eddie San Miguel
|
Batting: RHB Hieronim Rutkowski
|
0-0: Ball 1-0: Ball 2-0: Ball 3-0: Called Strike 3-1: Base on Balls
|
Batting: RHB Mike Meeker
|
0-0: Called Strike Hieronim Rutkowski steals 2nd base 0-1: Ball 1-1: Ball 2-1: SINGLE (Groundball, 56D, EV 96.2 MPH) Hieronim Rutkowski to third Runner from 3rd tries for Home, SAFE, throw by LF to home
|
Batting: RHB Luis Revilla
|
0-0: Foul Ball, location: 2F 0-1: SINGLE (Line Drive, 7S, EV 94.4 MPH) Mike Meeker to second
|
Batting: LHB Erik Gretzky
|
0-0: Called Strike 0-1: Ball 1-1: Swinging Strike 1-2: Strikes out swinging
|
Batting: RHB John Peterson
|
0-0: Ball 1-0: Fly out, F9 (Flyball, 89S, EV 78.1 MPH)
|
Batting: LHB Chad Persaud
|
0-0: Called Strike 0-1: Called Strike 0-2: Ball 1-2: Foul Ball, location: 2F 1-2: Strikes out swinging
|
Bottom of the 3rd over - 1 run, 2 hits, 0 errors, 2 left on base; Reading 0 - Mississippi 3 |
TOP OF THE 4TH |
Reading Fightin Phils batting - Pitching for Mississippi Braves : RHP Alfredo Leiva
|
Batting: RHB Chris Myers
|
0-0: Swinging Strike 0-1: Foul Ball, location: 2F 0-2: Ground out 5-3 (Groundball, 56S, EV 88.8 MPH)
|
Batting: RHB Alan Weller
|
0-0: Swinging Strike 0-1: Fly out, F4 (Popup, 4, EV 70.0 MPH)
|
Batting: LHB Josh George
|
0-0: Called Strike 0-1: Ball 1-1: Ball 2-1: Called Strike 2-2: SINGLE (Line Drive, 89S, EV 109.4 MPH)
|
Batting: LHB Rich Kuehne
|
0-0: Swinging Strike 0-1: Foul Ball, location: 2F 0-2: Strikes out looking
|
Top of the 4th over - 0 runs, 1 hit, 0 errors, 1 left on base; Reading 0 - Mississippi 3 |
BOTTOM OF THE 4TH |
Mississippi Braves batting - Pitching for Reading Fightin Phils : LHP Eddie San Miguel
|
Batting: SHB Bob Morales
|
0-0: Foul Ball, location: 2F 0-1: SOLO HOME RUN (Flyball, 89XD, EV 101.2 MPH), Distance : 403 ft
|
Batting: LHB Mike Tenorio
|
0-0: Ball 1-0: Ball 2-0: Foul Ball, location: 2F 2-1: Foul Ball, location: 2F 2-2: Reached on error, E3 (Groundball, 34, EV 76.9 MPH)
|
Batting: LHB Jon Burgos
|
0-0: Called Strike 0-1: Ball 1-1: Ball 2-1: Ball 3-1: Called Strike 3-2: Strikes out looking
|
Batting: RHB Hieronim Rutkowski
|
0-0: Ball 1-0: Swinging Strike 1-1: Swinging Strike 1-2: Ball 2-2: Fly out, F9 (Flyball, 9LS, EV 94.4 MPH)
|
Batting: RHB Mike Meeker
|
0-0: Ground out 4-3 (Groundball, 4, EV 79.4 MPH)
|
Bottom of the 4th over - 1 run, 1 hit, 1 error, 1 left on base; Reading 0 - Mississippi 4 |
TOP OF THE 5TH |
Reading Fightin Phils batting - Pitching for Mississippi Braves : RHP Alfredo Leiva
|
Batting: RHB Seung-mun Kim
|
0-0: Ball 1-0: Ball 2-0: Called Strike 2-1: Foul Ball, location: 2F 2-2: Ground out 5-3 (Groundball, 56S, EV 66.9 MPH)
|
Batting: RHB Frank Ramirez
|
0-0: Called Strike 0-1: Ball 1-1: Swinging Strike 1-2: Strikes out swinging
|
Batting: RHB Cory Bonham
|
0-0: Ball 1-0: Ball 2-0: Called Strike 2-1: Swinging Strike 2-2: Foul Ball, location: 2F 2-2: Strikes out swinging
|
Top of the 5th over - 0 runs, 0 hits, 0 errors, 0 left on base; Reading 0 - Mississippi 4 |
BOTTOM OF THE 5TH |
Mississippi Braves batting - Pitching for Reading Fightin Phils : LHP Eddie San Miguel
|
Batting: RHB Luis Revilla
|
0-0: Ball 1-0: Swinging Strike 1-1: Ball 2-1: Swinging Strike 2-2: Ground out 4-3 (Groundball, 4MS, EV 84.4 MPH)
|
Batting: LHB Erik Gretzky
|
0-0: Ball 1-0: Swinging Strike 1-1: Ball 2-1: Foul Ball, location: 2F 2-2: Foul Ball, location: 2F 2-2: Foul Ball, location: 2F 2-2: Foul Ball, location: 2F 2-2: Strikes out swinging
|
Batting: RHB John Peterson
|
0-0: Foul Ball, location: 2F 0-1: Ground out 6-3 (Groundball, 6, EV 83.8 MPH)
|
Bottom of the 5th over - 0 runs, 0 hits, 0 errors, 0 left on base; Reading 0 - Mississippi 4 |
TOP OF THE 6TH |
Reading Fightin Phils batting - Pitching for Mississippi Braves : RHP Alfredo Leiva
|
Batting: RHB Allen Deschamps
|
0-0: Swinging Strike 0-1: Foul Ball, location: 2F 0-2: Ball 1-2: Fly out, F8 (Flyball, 89M, EV 86.2 MPH)
|
Batting: RHB Steve Jones
|
0-0: Foul Ball, location: 2F 0-1: Ball 1-1: Ball 2-1: Ball 3-1: Base on Balls
|
Batting: RHB Chris Myers
|
0-0: Ball 1-0: Fly out, F8 (Flyball, 8RXD, EV 106.9 MPH)
|
Batting: RHB Alan Weller
|
0-0: Hit by Pitch Steve Jones to second
|
Batting: LHB Josh George
|
0-0: Ball 1-0: Swinging Strike 1-1: Ball Wild Pitch! Steve Jones to third Alan Weller to second 2-1: Foul Ball, location: 2F 2-2: Ball 3-2: Foul Ball, location: 2F 3-2: Base on Balls
|
Pitching: RHP Jeff Miller
|
|
Batting: LHB Rich Kuehne
|
0-0: Ball 1-0: Ball 2-0: Ball 3-0: Called Strike 3-1: Foul Ball, location: 2F 3-2: Foul Ball, location: 2F 3-2: Base on Balls Steve Jones scores Alan Weller to third Josh George to second
|
Batting: RHB Seung-mun Kim
|
0-0: Foul Ball, location: 2F 0-1: Foul Ball, location: 2F 0-2: Ball 1-2: Ball 2-2: Foul Ball, location: 2F 2-2: Fly out, F9 (Flyball, 89D, EV 105.6 MPH)
|
Top of the 6th over - 1 run, 0 hits, 0 errors, 3 left on base; Reading 1 - Mississippi 4 |
BOTTOM OF THE 6TH |
Mississippi Braves batting - Pitching for Reading Fightin Phils : LHP Eddie San Miguel
|
Pitching: LHP Wil Diaz
|
|
Batting: LHB Chad Persaud
|
0-0: Ball 1-0: Ball 2-0: Fly out, F6 (Popup, 15S, EV 91.9 MPH)
|
Batting: SHB Bob Morales
|
0-0: Ball 1-0: Swinging Strike 1-1: Fly out, F8 (Flyball, 89D, EV 93.1 MPH)
|
Batting: LHB Mike Tenorio
|
0-0: Ball 1-0: Swinging Strike 1-1: Fly out, F8 (Flyball, 8LM, EV 96.2 MPH)
|
Bottom of the 6th over - 0 runs, 0 hits, 0 errors, 0 left on base; Reading 1 - Mississippi 4 |
TOP OF THE 7TH |
Reading Fightin Phils batting - Pitching for Mississippi Braves : RHP Jeff Miller
|
Pitching: RHP Josh Thomas
|
|
Batting: RHB Frank Ramirez
|
0-0: Called Strike 0-1: Swinging Strike 0-2: Foul Ball, location: 2F 0-2: Ball 1-2: Strikes out swinging
|
Batting: RHB Cory Bonham
|
0-0: Hit by Pitch
|
Batting: RHB Allen Deschamps
|
0-0: Foul Ball, location: 2F 0-1: Called Strike 0-2: Ball 1-2: Ball 2-2: Foul Ball, location: 2F 2-2: Ball 3-2: Foul Ball, location: 2F 3-2: Strikes out looking Cory Bonham steals 2nd base Batter strikes out.
|
Batting: RHB Steve Jones
|
0-0: Called Strike 0-1: Ground out 4-3 (Groundball, 4M, EV 104.4 MPH)
|
Top of the 7th over - 0 runs, 0 hits, 0 errors, 1 left on base; Reading 1 - Mississippi 4 |
BOTTOM OF THE 7TH |
Mississippi Braves batting - Pitching for Reading Fightin Phils : LHP Wil Diaz
|
Batting: LHB Jon Burgos
|
0-0: Called Strike 0-1: Ball 1-1: Called Strike 1-2: Fly out, F8 (Flyball, 89D, EV 89.4 MPH)
|
Batting: RHB Hieronim Rutkowski
|
0-0: Called Strike 0-1: Foul Ball, location: 2F 0-2: Ball 1-2: SINGLE (Groundball, 56S, EV 70.0 MPH) (infield hit)
|
Batting: RHB Mike Meeker
|
0-0: Called Strike 0-1: Ball 1-1: Foul Ball, location: 2F 1-2: Ball 2-2: Foul Ball, location: 2F 2-2: SINGLE (Groundball, 6MD, EV 105.6 MPH) Hieronim Rutkowski to second Runner from 2nd tries for 3rd, SAFE, throw by CF made to third
|
Batting: RHB Luis Revilla
|
0-0: Called Strike 0-1: Ball Wild Pitch! Hieronim Rutkowski scores Mike Meeker to second 1-1: SINGLE (Groundball, 6MD, EV 105.0 MPH) (infield hit) Mike Meeker to third
|
Batting: LHB Erik Gretzky
|
0-0: Called Strike 0-1: Ball 1-1: Ball 2-1: Ball 3-1: Called Strike 3-2: Foul Ball, location: 2F 3-2: Base on Balls Luis Revilla to second
|
Batting: RHB John Peterson
|
0-0: Called Strike 0-1: Ball 1-1: Foul Ball, location: 2F 1-2: Ball 2-2: Strikes out looking
|
Pitching: RHP Rome Corona
|
|
Batting: LHB Chad Persaud
|
0-0: Ball 1-0: Ball 2-0: Ball Wild Pitch! Mike Meeker scores Luis Revilla to third Erik Gretzky to second 3-0: Called Strike 3-1: Swinging Strike 3-2: Strikes out swinging
|
Bottom of the 7th over - 2 runs, 3 hits, 0 errors, 2 left on base; Reading 1 - Mississippi 6 |
TOP OF THE 8TH |
Reading Fightin Phils batting - Pitching for Mississippi Braves : RHP Josh Thomas
|
Batting: RHB Chris Myers
|
0-0: Foul Ball, location: 2F 0-1: Ground out 6-3 (Groundball, 6D, EV 103.8 MPH)
|
Batting: RHB Alan Weller
|
0-0: Ground out 6-3 (Groundball, 6, EV 93.1 MPH)
|
Batting: LHB Josh George
|
0-0: Ball 1-0: Ball 2-0: Called Strike 2-1: Called Strike 2-2: Ball 3-2: Strikes out looking
|
Top of the 8th over - 0 runs, 0 hits, 0 errors, 0 left on base; Reading 1 - Mississippi 6 |
BOTTOM OF THE 8TH |
Mississippi Braves batting - Pitching for Reading Fightin Phils : RHP Rome Corona
|
Batting: SHB Bob Morales
|
0-0: Called Strike 0-1: Ball 1-1: Ground out 6-3 (Groundball, 56, EV 108.1 MPH)
|
Batting: LHB Mike Tenorio
|
0-0: Ball 1-0: Ball 2-0: Foul Ball, location: 2F 2-1: Called Strike 2-2: Foul Ball, location: 2F 2-2: Foul Ball, location: 2F 2-2: Foul Ball, location: 2F 2-2: Strikes out swinging
|
Batting: LHB Jon Burgos
|
0-0: Foul Ball, location: 2F 0-1: Swinging Strike 0-2: Strikes out swinging
|
Bottom of the 8th over - 0 runs, 0 hits, 0 errors, 0 left on base; Reading 1 - Mississippi 6 |
TOP OF THE 9TH |
Reading Fightin Phils batting - Pitching for Mississippi Braves : RHP Josh Thomas
|
Batting: LHB Rich Kuehne
|
0-0: Ball 1-0: Ball 2-0: Ball 3-0: Called Strike 3-1: Base on Balls
|
Batting: RHB Seung-mun Kim
|
0-0: Swinging Strike 0-1: Swinging Strike 0-2: Ball 1-2: Foul Ball, location: 2F 1-2: Ball 2-2: Foul Ball, location: 2F 2-2: Strikes out looking
|
Batting: RHB Frank Ramirez
|
0-0: Ball 1-0: Foul Ball, location: 2F 1-1: Swinging Strike 1-2: Ball 2-2: Strikes out swinging
|
Pitching: RHP Tade Balder
|
|
Batting: RHB Cory Bonham
|
0-0: Called Strike 0-1: Fly out, F3 (Popup, 3F, EV 62.5 MPH)
|
Top of the 9th over - 0 runs, 0 hits, 0 errors, 1 left on base; Reading 1 - Mississippi 6 |
|